 Dungeon Crawl Stone Soup version 0.23.1-37-gaa34b87 (console) character file.

Game seed: 4218174827657190262

3545 jt the Cleaver (level 10, -8/63 HPs)
             Began as an Octopode Monk on Mar 26, 2019.
             Was a Priest of Qazlal.
             Mangled by an ogre
             ... wielding a cursed -1 giant spiked club
              (29 damage)
             ... on level 8 of the Dungeon.
             The game lasted 00:21:14 (9151 turns).

jt the Cleaver (Octopode Monk)                      Turns: 9151, Time: 00:21:14

Health: -8/63      AC:  1    Str: 14    XL:     10   Next: 9%
Magic:  15/15      EV: 13    Int: 12    God:    Qazlal [***...]
Gold:   184        SH: 15    Dex: 15    Spells: 9/9 levels left

rFire    . . .     SeeInvis .   a - +1 hand axe (flame)
rCold    . . .     Gourm    .   t - +0 shield
rNeg     . . .     Faith    .   (helmet restricted)
rPois    +         Spirit   .   (no amulet)
rElec    .         Reflect  .   p - ring of poison resistance
rCorr    .         Harm     .   (no ring)
MR       .....                  (no ring)
Stlth    ++........             (no ring)
HPRegen  0.20/turn              (no ring)
MPRegen  0.14/turn              (no ring)
                                (no ring)
                                (no ring)

@: no status effects
A: almost no armour, stealthy swim, amphibious, 8 rings, constrict 8, camouflage
1, gelatinous body 1
a: Upheaval, Elemental Force, Renounce Religion


You were on level 8 of the Dungeon.
You worshipped Qazlal.
Qazlal was most pleased with you.
You were not hungry.

You visited 2 branches of the dungeon, and saw 9 of its levels.

You collected 368 gold pieces.
You spent 184 gold pieces at shops.

Inventory:

Hand Weapons
 a - a +1 hand axe of flaming (weapon)
 e - a +0 dagger
 g - a +2 hunting sling of flaming
 i - a +0 hunting sling
 o - a +2 dagger of flaming
 q - a +0 dagger of protection
 w - a +0 spear
 y - a +4 quarterstaff of chaos
 F - a +0 war axe
 I - a +0 war axe
 K - a +1 hand axe
 M - a +0 trident
 N - a +2 hand axe of venom
Missiles
 c - 173 sling bullets
 d - 341 stones (quivered)
 m - 41 poisoned needles
 s - 80 bolts
 E - 7 tomahawks
Armour
 t - a +0 shield (worn)
Jewellery
 p - a ring of poison resistance (left tentacle)
Wands
 x - a wand of clouds (2)
 B - a wand of flame (22)
 G - a wand of enslavement (11)
 J - a wand of paralysis (7)
Scrolls
 h - 3 scrolls of fog
 j - 2 scrolls of immolation
 v - 7 scrolls of identify
 z - 4 scrolls of remove curse
 C - 2 scrolls of magic mapping
 D - a scroll of fear
 L - 3 scrolls of enchant weapon
 O - 2 scrolls of teleportation
 P - a scroll of vulnerability {unknown}
Potions
 f - 2 potions of magic {unknown}
 k - 3 potions of heal wounds
 l - a potion of berserk rage {unknown}
 n - a potion of lignification {unknown}
 r - a potion of haste {unknown}
 u - a potion of degeneration {unknown}
 A - 5 potions of curing {unknown}
 H - a potion of cancellation {unknown}
Comestibles
 b - 15 rations
 Q - 3 chunks of flesh


   Skills:
 - Level 3.9 Fighting
 + Level 9.8 Axes
 - Level 3.0 Dodging
 - Level 2.6 Stealth
 + Level 7.4 Shields
 + Level 6.7 Invocations
 - Level 3.1 Evocations


You had 9 spell levels left.
You didn't know any spells.
Your spell library contained the following spells:

 Spells                   Type           Power        Failure   Level  Hunger
 Magic Dart               Conj           #...         65%         1    ##.....
 Blink                    Tloc           N/A          78%         2    ###....
 Call Imp                 Summ           #.......     78%         2    ###....
 Searing Ray              Conj           #.....       78%         2    ###....
 Slow                     Hex            #.......     78%         2    ###....
 Conjure Flame            Conj/Fire      #.......     95%         3    ####...
 Dazzling Spray           Conj/Hex       #.....       95%         3    ####...
 Mephitic Cloud           Conj/Pois/Air  #.......     95%         3    ####...
 Force Lance              Conj/Tloc      #.......     100%        4    #####..
 Fulminant Prism          Conj/Hex       #.........   100%        4    #####..
 Iskenderun's Mystic Bla  Conj           #.......     100%        4    #####..


Dungeon Overview and Level Annotations

Branches:
Dungeon (8/15)             Temple (1/1) D:4
   Lair: D:8-11

Altars:
Ashenzari
Gozag
Kikubaaqudgha
Makhleb
Qazlal
Trog
Vehumet
Xom
Zin

Shops:
D:5 *   D:6 :   D:7 (

Annotations:
D:3 Pikel


Innate Abilities, Weirdness & Mutations

You cannot wear most types of armour.
You are very stealthy in the water. (Stealth+)
You are amphibious.
You can wear up to eight rings at the same time.
You can use your tentacles to constrict eight enemies at once.
Your skin changes colour to match your surroundings (Stealth+).
Your rubbery body absorbs attacks. (AC +1, EV +1)


Message History

You hit the gnoll. You burn the gnoll. The gnoll barely misses you.
You block the gnoll's attack.
You hit the gnoll. You burn the gnoll.
You kill the gnoll!
Qazlal accepts your kill.
You hit the gnoll but do no damage. You hit the orc but do no damage.
The orc misses you. The gnoll hits you with a +0 halberd!
You hit the orc but do no damage. You grab the orc. You hit the gnoll.
You burn the gnoll.
You kill the gnoll!
Qazlal accepts your kill.
You constrict the orc.
A two-headed ogre comes into view.
It is wielding a +0 giant club and a +0 giant spiked club.
You block the orc's attack.
You hit the ogre. You burn the ogre. Your squeeze misses the ogre.
The ogre is lightly wounded.
You hit the orc. You burn the orc. You constrict the orc.
The ogre is engulfed in freezing vapours.
The ogre hits you with a cursed -1 giant spiked club!!
You die...

..............#..........
................$...)!...
.........................
.....)..........$........
.........................
.......................?.
.............(#..........
#.###.#..O.<....O<.......
#.....#........)@###.....
......#........o## ###
......#.......!)#
................#
......#.........#####
.......)...........
####..).#)#########
#.........# ##........#


You could see a two-headed ogre, an ogre and an orc.

Vanquished Creatures
  Joseph (D:7)
  Edmund (D:6)
  2 orc warriors (D:7)
  A slave (D:4)
  A black bear (D:7)
  A phantom (D:4)
  4 centaurs
  A necrophage (D:6)
  3 ogres
  A big kobold (D:7)
  Blork the orc (D:6)
  5 bullfrogs
  A gnoll sergeant (D:7)
  A wyvern skeleton (D:8)
  2 scorpions
  3 killer bees
  3 crimson imps
  5 hounds
  Crazy Yiuf (D:2)
  A centaur skeleton (D:4)
  6 orc priests
  A jelly (D:6)
  2 iguanas
  Natasha (thrice) (D:3)
  4 orc wizards (D:7)
  5 worker ants
  A hound skeleton (D:8)
  Robin (D:3)
  13 gnolls
  A howler monkey skeleton (D:6)
  11 adders
  2 river rats (D:3)
  A shadow imp (D:5)
  A worm (D:6)
  3 dart slugs
  A leopard gecko (D:1)
  29 orcs
  10 giant cockroaches
  16 goblins
  7 hobgoblins
  6 jackals
  11 kobolds
  7 quokkas
  5 ball pythons
  7 bats
  2 frilled lizards
  A jackal skeleton (D:4)
  A leopard gecko skeleton (D:4)
  7 rats
204 creatures vanquished.

Notes
Turn   | Place    | Note
-------+----------+-------------------------------------------
     0 | D:1      | jt the Octopode Monk began the quest for the Orb.
     0 | D:1      | Reached XP level 1. HP: 16/16 MP: 1/1
   316 | D:1      | Reached XP level 2. HP: 19/21 MP: 2/2
   782 | D:2      | Reached skill level 4 in Axes
   827 | D:2      | Reached XP level 3. HP: 26/26 MP: 3/3
  1228 | D:2      | Reached XP level 4. HP: 16/31 MP: 4/4
  1230 | D:2      | Reached skill level 5 in Axes
  1683 | D:2      | Found a runed translucent door.
  1684 | D:2      | Noticed Crazy Yiuf
  1749 | D:3      | Noticed Robin
  1893 | D:3      | Noticed Natasha
  1938 | D:3      | Killed Robin
  1941 | D:3      | Reached XP level 5. HP: 20/36 MP: 5/5
  2131 | D:3      | Killed Natasha
  2268 | D:3      | Reached skill level 6 in Axes
  2750 | D:3      | Noticed Natasha
  2755 | D:3      | Killed Natasha
  2755 | D:3      | Reached XP level 6. HP: 40/42 MP: 6/6
  2973 | D:3      | Reached skill level 1 in Shields
  3063 | D:3      | Noticed Natasha
  3069 | D:3      | Killed Natasha
  3180 | D:4      | Found a staircase to the Ecumenical Temple.
  3224 | Temple   | Entered the Ecumenical Temple
  3239 | Temple   | Became a worshipper of Qazlal Stormbringer
  3239 | Temple   | Reached * piety under Qazlal
  3239 | Temple   | Reached ** piety under Qazlal
  3384 | D:4      | Found a bloodstained altar of Trog.
  3390 | D:4      | Found a shimmering altar of Xom.
  3442 | D:4      | Noticed a slave
  3446 | D:4      | Noticed Pikel
  3607 | D:4      | Noticed a phantom
  3837 | D:4      | Killed a phantom
  3837 | D:4      | Reached XP level 7. HP: 42/47 MP: 7/7
  4006 | D:4      | Found a shattered altar of Ashenzari.
  4343 | D:2      | Killed Crazy Yiuf
  4451 | D:4      | Found a burning altar of Makhleb.
  4566 | D:5      | Entered Level 5 of the Dungeon
  4637 | D:5      | Reached skill level 7 in Axes
  5364 | D:5      | Reached skill level 1 in Invocations
  5364 | D:5      | Reached XP level 8. HP: 53/54 MP: 8/8
  5720 | D:5      | Found Suhy's Assorted Antiques.
  5723 | D:5      | Bought a glass wand for 92 gold pieces
  5723 | D:5      | Bought a forked silver wand for 92 gold pieces
  5884 | D:6      | Noticed Blork the orc
  5978 | D:6      | Killed Blork the orc
  5978 | D:6      | Reached *** piety under Qazlal
  5978 | D:6      | Reached skill level 1 in Evocations
  5990 | D:6      | Noticed a two-headed ogre
  6295 | D:6      | Noticed Edmund
  6307 | D:6      | Killed Edmund
  6307 | D:6      | Reached skill level 8 in Axes
  6762 | D:6      | Reached skill level 5 in Shields
  6810 | D:6      | Found Hyqog's Book Emporium.
  7007 | D:6      | Reached XP level 9. HP: 51/58 MP: 11/11
  7335 | D:7      | Found Qoxaxun's Antique Weapon Boutique.
  7521 | D:7      | Noticed Joseph
  7686 | D:7      | Found a shattered altar of Ashenzari.
  7773 | D:7      | Reached skill level 9 in Axes
  7773 | D:7      | Reached skill level 5 in Invocations
  8693 | D:7      | Killed Joseph
  8912 | D:8      | Reached XP level 10. HP: 48/63 MP: 14/14
  8988 | D:7      | Found an opulent altar of Gozag.
  9150 | D:8      | Noticed a two-headed ogre
  9151 | D:8      | Mangled by an ogre

Skill      XL: |  1  2  3  4  5  6  7  8  9 |
---------------+----------------------------+-----
Axes           | 4 5 6 7 8 9 |  9.8
Shields        | 2 4 5 7 |  7.4
Invocations    | 1 3 6 |  6.7
Evocations     | 3 |  3.1
Fighting       | |  3.9
Dodging        | |  3.0
Stealth        | |  2.6

Action                   |  1- 3 |  4- 6 |  7- 9 | 10-12 || total
-------------------------+-------+-------+-------+-------++-------
Melee: Hand axe          |    51 |   135 |   258 |    39 ||   483
       Constrict         |    12 |    31 |    65 |    12 ||   120
       Tentacles         |     8 |    32 |    83 |     5 ||   128
Throw: Stone             |       |     3 |     8 |       ||    11
Invok: Upheaval          |       |       |     6 |       ||     6
Evoke: Wand              |       |       |     3 |       ||     3
  Use: Scroll            |       |     9 |       |       ||     9
       Potion            |       |       |     1 |       ||     1
 Stab: Sleeping          |     8 |     6 |       |       ||    14
       Distracted        |     1 |       |       |       ||     1
  Eat: Chunk             |     1 |     8 |     6 |     1 ||    16
       Ration            |       |       |     3 |       ||     3
Armor: Skin              |     2 |     9 |     3 |     1 ||    15
Dodge: Dodged            |    30 |    99 |    72 |    15 ||   216
Block: Shield            |       |    20 |   154 |    33 ||   207
